 Dungeon Crawl Stone Soup version 0.30.1-6-gbe392663c4 (webtiles) character file.

Game seed: 1661597486178431505

403 booth the Chopper (level 6, -6/41 (51) HPs)
             Began as a Gnoll Reaver on Sept 20, 2023.
             Mangled by an ogre
             ... wielding a +0 giant club
              (25 damage)
             ... on level 4 of the Dungeon.
             The game lasted 00:18:11 (3211 turns).

booth the Chopper (Gnoll Reaver)                    Turns: 3211, Time: 00:18:11

HP:   -6/41 (51)    AC:  3    Str: 18    XL:     6   Next: 86%
MP:   12/14         EV: 13    Int: 12    God:
Gold: 166           SH:  0    Dex: 12    Spells: 4/16 levels left

rFire   . . .        a - +1 hand axe
rCold   + . .        (no shield)
rNeg    . . .        b - +0 leather armour
rPois   .            (no helmet)
rElec   .            (no cloak)
rCorr   .            (no gloves)
SInv    .            (no boots)
Will    .....        (no amulet)
Stlth   ++           f - ring of protection from cold
HPRegen 0.26/turn    q - +6 ring of strength
MPRegen 0.14/turn

%: no passive effects
@: heavily drained
A: fangs 1, strong nose, distributed training
a: no special abilities


You were on level 4 of the Dungeon.
You visited 1 branch of the dungeon, and saw 4 of its levels.

You collected 166 gold pieces.

Inventory:

Hand Weapons
 a - a +1 hand axe (weapon)
 d - a +0 mace
 o - a +0 flail
Missiles
 p - 4 javelins
 r - 4 poisoned darts (quivered)
Armour
 b - a +0 leather armour (worn)
 i - a +0 ring mail
Jewellery
 f - a ring of protection from cold (left hand)
 n - a +6 ring of intelligence
 q - a +6 ring of strength (right hand)
Scrolls
 e - 4 scrolls of fog
 h - 2 scrolls of immolation
Potions
 c - a potion of lignification
 g - 2 potions of flight
 j - 2 potions of mutation
 k - 5 potions of heal wounds
 l - 2 potions of haste
 m - a potion of curing


   Skills:
 + Level 5.1 Fighting
 + Level 2.2 Short Blades
 + Level 2.2 Long Blades
 + Level 6.9 Axes
 + Level 2.2 Maces & Flails
 + Level 2.2 Polearms
 + Level 2.2 Staves
 + Level 2.2 Ranged Weapons
 + Level 2.2 Throwing
 + Level 2.2 Armour
 + Level 5.1 Dodging
 + Level 2.2 Stealth
 + Level 2.2 Shields
 + Level 2.2 Unarmed Combat
 + Level 5.5 Spellcasting
 + Level 5.7 Conjurations
 + Level 1.8 Hexes
 + Level 1.8 Summonings
 + Level 1.8 Necromancy
 + Level 1.8 Translocations
 + Level 1.8 Transmutations
 + Level 1.8 Fire Magic
 + Level 1.8 Ice Magic
 + Level 1.8 Air Magic
 + Level 1.8 Earth Magic
 + Level 1.8 Poison Magic
 + Level 2.4 Invocations
 + Level 2.2 Evocations


You had 4 spell levels left.
You knew the following spells:

 Your Spells              Type           Power      Damage    Failure   Level
a - Kiss of Death         Conj/Necr      48%        2d9       4%          1
b - Momentum Strike       Conj/Tloc      24%        3d8       8%          2
c - Static Discharge      Conj/Air       24%        2-3/arc   8%          2
d - Hailstorm             Conj/Ice       12%        3d5       14%         3
e - Airstrike             Air            3%         2d(1-17)  71%         4

Your spell library contained the following spells:

 Spells                   Type           Power      Damage    Failure   Level
 Summon Lightning Spire   Summ/Air       7%         N/A       71%         4
 Simulacrum               Ice/Necr       3%         N/A       100%        6
 Ozocubu's Refrigeration  Ice            3%         4d8       100%        7
 Polar Vortex             Ice            3%         N/A       100%        9


Dungeon Overview and Level Annotations

Branches:
Dungeon (4/15)
 Temple: D:4-7

Altars:
Wu Jian
Xom


Innate Abilities, Weirdness & Mutations

You have very sharp teeth.
Your uncanny sense of smell can sniff out nearby items.
Your experience applies equally to all skills.


Message History

The black bear barely misses you. The black bear claws you. x2
You hit the black bear but do no damage.
You bite the black bear, but do no damage.
The black bear is severely wounded.
The black bear closely misses you. The black bear barely misses you.
The black bear claws you but does no damage.
You hit the black bear.
The black bear is almost dead.
The black bear goes berserk!
You closely miss the black bear. Your bite misses the black bear.
The black bear is almost dead.
You are no longer robbed of momentum.
The black bear bites you. The black bear closely misses you.
The black bear claws you. The black bear closely misses you.
The black bear claws you. x2
You barely miss the black bear.
The black bear is almost dead.
The black bear closely misses you. x2; The black bear misses you.
You barely miss the black bear.
The black bear is almost dead.
The black bear barely misses you.
The black bear claws you but does no damage.
The black bear barely misses you.
You slash the black bear!
You kill the black bear!
Casting: Momentum Strike (safe; 8% risk of failure)
Confirm with . or Enter, or press ? or * to list all spells.
Aiming: Kiss of Death (safe; 4% risk of failure)
Press: ? - help, Shift-Dir - straight line, f - ogre
Aim: an ogre, wielding a +0 giant club (100% to hit)
The negative energy hits the ogre!
The ogre is drained!
The ogre is heavily wounded.
You feel drained. The ogre hits you with a +0 giant club.
You hit the ogre. You bite the ogre.
The ogre is severely wounded.
You hit the ogre.
The ogre is severely wounded.
The ogre hits you with a +0 giant club!!
Ouch! That really hurt!
You die...

..........######.#
.................#
####.##.########.#######
...##.######..........
#........#.#######
##########.# #.# #.# #@#
#O# #.# ...O....#
...####.. #... #####


You could see an ogre (drained).

Vanquished Creatures
  Sigmund (D:2)
  A black bear (D:4)
  An iguana (D:4)
  2 gnolls (D:3)
  4 adders
  A worm (D:3)
  2 dart slugs
  3 orcs
  8 ball pythons
  4 endoplasms
  3 giant cockroaches
  7 goblins
  5 hobgoblins
  4 jackals (D:1)
  4 kobolds
  2 quokkas
  2 bats
  3 frilled lizards
  9 rats
66 creatures vanquished.

Notes
Turn   | Place    | Note
-------+----------+-------------------------------------------
     0 | D:1      | booth the Gnoll Reaver began the quest for the Orb.
     0 | D:1      | Reached XP level 1. HP: 20/20 MP: 6/6
   244 | D:1      | Reached XP level 2. HP: 26/26 MP: 7/7
   617 | D:1      | Learned a level 2 spell: Momentum Strike
   648 | D:1      | Reached skill level 5 in Spellcasting
   648 | D:1      | Reached XP level 3. HP: 30/31 MP: 7/9
   751 | D:1      | Learned a level 2 spell: Static Discharge
   755 | D:1      | Learned a level 3 spell: Hailstorm
   912 | D:1      | Reached skill level 1 in Invocations
  1480 | D:2      | Reached skill level 1 in Short Blades
  1480 | D:2      | Reached skill level 1 in Long Blades
  1480 | D:2      | Reached skill level 1 in Maces & Flails
  1480 | D:2      | Reached skill level 1 in Polearms
  1480 | D:2      | Reached skill level 1 in Staves
  1480 | D:2      | Reached skill level 1 in Ranged Weapons
  1480 | D:2      | Reached skill level 1 in Throwing
  1480 | D:2      | Reached skill level 1 in Armour
  1480 | D:2      | Reached skill level 1 in Stealth
  1480 | D:2      | Reached skill level 1 in Shields
  1480 | D:2      | Reached skill level 1 in Unarmed Combat
  1480 | D:2      | Reached skill level 1 in Evocations
  1887 | D:2      | Noticed Sigmund
  1892 | D:2      | Killed Sigmund
  1893 | D:2      | Reached skill level 1 in Hexes
  1893 | D:2      | Reached skill level 1 in Summonings
  1893 | D:2      | Reached skill level 1 in Necromancy
  1893 | D:2      | Reached skill level 1 in Translocations
  1893 | D:2      | Reached skill level 1 in Transmutations
  1893 | D:2      | Reached skill level 1 in Fire Magic
  1893 | D:2      | Reached skill level 1 in Ice Magic
  1893 | D:2      | Reached skill level 1 in Air Magic
  1893 | D:2      | Reached skill level 1 in Earth Magic
  1893 | D:2      | Reached skill level 1 in Poison Magic
  1893 | D:2      | Reached XP level 4. HP: 32/38 MP: 7/11
  1893 | D:2      | Reached XP level 5. HP: 36/43 MP: 7/12
  2154 | D:3      | Learned a level 4 spell: Airstrike
  2207 | D:3      | Reached XP level 6. HP: 41/45 MP: 11/13
  2414 | D:3      | Reached skill level 5 in Fighting
  2414 | D:3      | Reached skill level 5 in Dodging
  2509 | D:3      | Found a radiant altar of Vehumet.
  2511 | D:3      | Found a sacrificial altar of Ru.
  2511 | D:3      | Found a sparkling altar of Nemelex Xobeh.
  2513 | D:3      | Found a bloodstained altar of Trog.
  2513 | D:3      | Found a stormy altar of Qazlal.
  2513 | D:3      | Found a shimmering altar of Xom.
  2597 | D:3      | Found an ornate altar of the Wu Jian Council.
  2604 | D:3      | Noticed a spectral centipede
  2604 | D:3      | Noticed a spectral black mamba
  2604 | D:3      | Noticed a spectral cane toad
  3197 | D:4      | Noticed a black bear
  3208 | D:4      | Killed a black bear
  3211 | D:4      | Mangled by an ogre

Illustrated notes

Levels and vault maps discovered:
D:1:      ncdulo_lavacross, layout_basic, minmay_shallow_snake_nest
D:2:      minmay_chambers_of_ones, layout_basic, uniq_sigmund
D:3:      layout_rooms, doesnt_xom_only_xom, pdpol_wu_jian_five_deadly_venoms,
          minmay_misc_feat_rows
D:4:      layout_loops_ring, serial_shops, shop, chequers_garden,
          nicolae_wormholes

Skill      XL: |  1  2  3  4  5  6 |
---------------+-------------------+-----
Spellcasting   | 5 |  5.5
Invocations    | 2 |  2.4
Short Blades   | 1 2 |  2.2
Long Blades    | 1 2 |  2.2
Maces & Flails | 1 2 |  2.2
Polearms       | 1 2 |  2.2
Staves         | 1 2 |  2.2
Ranged Weapons | 1 2 |  2.2
Throwing       | 1 2 |  2.2
Armour         | 1 2 |  2.2
Stealth        | 1 2 |  2.2
Shields        | 1 2 |  2.2
Unarmed Combat | 1 2 |  2.2
Evocations     | 1 2 |  2.2
Hexes          | 1 |  1.8
Summonings     | 1 |  1.8
Necromancy     | 1 |  1.8
Translocations | 1 |  1.8
Transmutations | 1 |  1.8
Fire Magic     | 1 |  1.8
Ice Magic      | 1 |  1.8
Air Magic      | 1 |  1.8
Earth Magic    | 1 |  1.8
Poison Magic   | 1 |  1.8
Fighting       | 5 |  5.1
Dodging        | 5 |  5.1
Axes           | |  6.9
Conjurations   | |  5.7

Action                     |  1- 3 |  4- 6 || total
---------------------------+-------+-------++-------
  Melee: Hand axe          |   138 |   100 ||   238
         Bite              |     8 |     9 ||    17
         Punch             |     2 |     1 ||     3
   Cast: Kiss of Death     |     1 |     3 ||     4
         Momentum Strike   |     1 |     3 ||     4
    Use: Scroll            |     7 |     4 ||    11
         Potion            |       |     2 ||     2
   Stab: Sleeping          |       |     1 ||     1
         Distracted        |       |     1 ||     1
 Armour: Leather armour    |    23 |    10 ||    33
  Dodge: Dodged            |    79 |    86 ||   165
